 Dungeon Crawl Stone Soup version 0.23-a0-650-ga4d50d4 (webtiles) character file.

131 Amnesiac the Changer (level 4, -2/22 HPs)
             Began as a Spriggan Transmuter on Jan 2, 2019.
             Slain by a phantom (4 damage)
             ... on level 4 of the Dungeon.
             The game lasted 00:03:02 (769 turns).

Amnesiac the Changer (Spriggan Transmuter)           Turns: 769, Time: 00:03:03

Health: -2/22      AC:  3    Str: 11    XL:     4   Next: 91%
Magic:  3/10       EV: 19    Int: 15    God:
Gold:   46         SH:  0    Dex: 16    Spells: 7/10 levels left

rFire    . . .     SeeInvis +   h - +2 dagger (protect)
rCold    + . .     Gourm    .   (shield restricted)
rNeg     . . .     Faith    .   b - +0 robe
rPois    .         Spirit   .   (helmet restricted)
rElec    .         Reflect  .   e - +0 cloak
rCorr    .         Harm     .   (gloves unavailable)
MR       .....                  (boots unavailable)
Stlth    +.........             (no amulet)
HPRegen  0.07/turn              i - ring of protection from cold
MPRegen  0.12/turn              (no ring)

@: mighty, very quick
A: very small, unfitting armour, see invisible, herbivore, speed 3, slow
metabolism 2
a: no special abilities


You were on level 4 of the Dungeon.
You were not hungry.

You visited 1 branch of the dungeon, and saw 4 of its levels.

You collected 46 gold pieces.

Inventory:

Hand Weapons
 h - a +2 dagger of protection (weapon)
Missiles
 a - 21 arrows
Armour
 b - a +0 robe (worn)
 e - a +0 cloak (worn)
Jewellery
 i - a ring of protection from cold (left hand)
Scrolls
 c - 3 scrolls of identify {!r}
 g - a scroll of remove curse {!r}
 k - 2 scrolls of noise {!r}
Potions
 f - a potion of might {!q}
 l - a potion of invisibility {!q, unknown}
Comestibles
 d - a ration


   Skills:
 - Level 1.0 Fighting
 + Level 4.2 Dodging
 - Level 3.0 Unarmed Combat
 + Level 3.6 Spellcasting
 * Level 4.7 Transmutations


You had 7 spell levels left.
You knew the following spells:

 Your Spells              Type           Power        Failure   Level  Hunger
a - Beastly Appendage     Tmut           ###...       2%          1    None
b - Sticks to Snakes      Tmut           ###.....     4%          2    ##.....

Your spell library contained the following spells:

 Spells                   Type           Power        Failure   Level  Hunger
 Spider Form              Tmut/Pois      #.........   22%         3    ###....
 Ice Form                 Ice/Tmut       #.......     56%         4    ####...
 Blade Hands              Tmut           ###.......   58%         5    ######.


Dungeon Overview and Level Annotations

Branches:
Dungeon (4/15)
 Temple: D:4-7

Altars:
Dithmenos
Elyvilon
Sif Muna
Wu Jian
Yredelemnul

Annotations:
D:4 Dowan, Duvessa


Innate Abilities, Weirdness & Mutations

You are very small and have problems with some larger weapons.
You are too small for most types of armour.
You have supernaturally acute eyesight. (SInv)
You are a herbivore.
You cover ground extremely quickly.
You need to consume almost no food.


Message History

You can move again.
Unknown command.
Unknown command.
Unknown command.
Grinder hits your adder! The phantom hits your adder.
Your adder dies!
Dowan points at Duvessa and mumbles some strange words.
Duvessa seems to speed up.
Found a scroll labeled PEQEKOLENT.
Really quaff
f - 2 cyan potions {!q}?
It was a potion of might {!q}.
You feel very mighty all of a sudden.
Duvessa says, "My weaknesses are his strengths!"
Dowan mumbles some strange words.
Dowan blinks!
Really quaff
j - a murky brown potion {!q}?
It was a potion of heal wounds {!q}.
You feel much better.
Grinder blinks!
Duvessa closely misses you.
You barely miss Grinder.
Grinder is almost dead.
Grinder hits you.
You writhe in agony.
Duvessa closely misses you.
You puncture Grinder!
Your weapon exudes an aura of protection.
You kill Grinder!
Training target 3.0 for Unarmed Combat reached!
Your Dodging skill increases to level 4!
Your Unarmed Combat skill increases to level 3!
Your Spellcasting skill increases to level 3!
Your Transmutations skill increases to level 4!
You have reached level 3!
Your experience leads to an increase in your attributes!
Your base attributes are Str 6, Int 14, Dex 16.
Increase (S)trength, (I)ntelligence, or (D)exterity?
You feel clever.
You have reached level 4!
Duvessa hits you with a +0 rapier.
You puncture the orc!
You kill the orc!
Duvessa misses you. Dowan gestures at you while chanting.
The puff of flame hits you!
* * * LOW HITPOINT WARNING * * *
Duvessa closely misses you.
An orc priest comes into view. It is wielding a +0 flail.
An orc comes into view. It is wielding a +0 flail.
The orc priest shouts!
Found a scroll labeled TUFOSABBOALL.
Really read
k - 3 scrolls labeled PAKEOF ZAZEUD {!r}?
As you read the scroll labeled PAKEOF ZAZEUD {!r}, it crumbles to dust.
You hear a loud clanging noise!
It was a scroll of noise {!r}.
The orc shouts!
You hear a shout! x3
The orc throws a tomahawk.
The tomahawk barely misses you.
An orc comes into view. It is wielding a +0 short sword.
Duvessa hits you with a +0 rapier!
* * * LOW HITPOINT WARNING * * *
The orc throws a tomahawk.
The tomahawk completely misses you.
You see here a tomahawk.
Really read
c - 4 scrolls labeled FUEMIWN LUXZOR {!r}?
As you read the scroll labeled FUEMIWN LUXZOR {!r}, it crumbles to dust.
It is a scroll of identify.
g - a scroll of remove curse {!r} Duvessa completely misses you.
The phantom hits you.
You die...

## ####### ### #.. ....o.. ...
#.. ....o?. ...
..###############.o..o..o.. ##
...............e...........######
..........>e...W@....... ........
........###..#######.#.# #.....#
...####W..##.## #.....# ...##
###.W...# #...... ....# ####...#
#...... .S#.# ##..?.## # ##.....#
o.#.# #.#..#.##. #......# ..#.#
#.##......###......# ..#.. #.#
##.##..........#


You could see a phantom, Duvessa, Dowan, an orc priest and 3 orcs.

Vanquished Creatures
  Grinder (D:4)
  A worm (D:2)
  An orc (D:4)
  3 bats
  A goblin (D:2)
  A hobgoblin (D:2)
  A ball python (D:1)
  2 frilled lizards
  A kobold (D:2)
  3 rats
15 creatures vanquished.

Notes
Turn   | Place    | Note
-------+----------+-------------------------------------------
     0 | D:1      | Amnesiac the Spriggan Transmuter began the quest for the
                  | Orb.
     0 | D:1      | Reached XP level 1. HP: 9/9 MP: 5/5
   294 | D:2      | Reached XP level 2. HP: 14/14 MP: 4/6
   298 | D:2      | Learned a level 2 spell: Sticks to Snakes
   328 | D:2      | Found a deep blue altar of Sif Muna.
   545 | D:2      | Reached skill level 1 in Fighting
   637 | D:3      | Found a shadowy altar of Dithmenos.
   637 | D:3      | Found a basalt altar of Yredelemnul.
   640 | D:3      | Found an ornate altar of the Wu Jian Council.
   669 | D:4      | Noticed a phantom
   690 | D:4      | Found a white marble altar of Elyvilon.
   698 | D:4      | Noticed Duvessa
   698 | D:4      | Noticed Dowan
   719 | D:4      | Noticed Grinder
   722 | D:4      | Paralysed by Grinder for 5 turns
   739 | D:4      | Paralysed by Grinder for 6 turns
   746 | D:4      | Paralysed by Grinder for 4 turns
   759 | D:4      | Killed Grinder
   759 | D:4      | Reached XP level 3. HP: 16/18 MP: 2/9
   759 | D:4      | Reached XP level 4. HP: 19/22 MP: 2/10
   769 | D:4      | Slain by a phantom

Vault maps used:
D:1:      lightli_arrival_isolated_outpost, nemelex_diamond_rough_becter
D:2:      lemuel_blue_sif_altar
D:3:      overflow_temple_1_default, nicolae_overflow_hidden_temple,
          first_ration, minmay_checkerbox
D:4:      overflow_temple_1_default, marbit_many_paths, tso_oasis_becter,
          nemelex_spade_bored_becter, uniq_duvessa, uniq_grinder

Skill      XL: |  1  2 |
---------------+-------+-----
Transmutations | 3 4 |  4.7
Fighting       | 1 |  1.0
Dodging        | 4 |  4.2
Unarmed Combat | 3 |  3.0
Spellcasting   | 3 |  3.6

Action                   |  1- 3 |  4- 6 || total
-------------------------+-------+-------++-------
Melee: Unarmed           |    24 |       ||    24
       Kick              |     3 |       ||     3
       Headbutt          |     1 |       ||     1
       Dagger            |    11 |     1 ||    12
 Cast: Beastly Appendage |     8 |       ||     8
       Sticks to Snakes  |     3 |       ||     3
  Use: Potion            |     2 |       ||     2
       Scroll            |       |     2 ||     2
Armor: Robe              |     3 |       ||     3
Dodge: Dodged            |    35 |     5 ||    40

Table legend:
 A = Non-vault XP
 B = Vault XP
 C = Vault XP percentage of total XP
 D = Non-vault monster count
 E = Vault monster count
 F = Vault count percentage of total count
                 A         B        C        D         E       F
            +---------+---------+-------+---------+---------+-------
      Total |      22 |     166 |  88.3 |      14 |       1 |   6.7
            +---------+---------+-------+---------+---------+-------
        D:1 |       2 |       0 |   0.0 |       2 |       0 |   0.0
        D:2 |      15 |       0 |   0.0 |       9 |       0 |   0.0
        D:3 |       1 |       0 |   0.0 |       1 |       0 |   0.0
        D:4 |       4 |     166 |  97.6 |       2 |       1 |  33.3
            +---------+---------+-------+---------+---------+-------
